 Dungeon Crawl Stone Soup version 0.30-a0-629-gd54f4be4f7 (webtiles) character file.

Game seed: 16736359598849585696

1869 testman the Zephyrmancer (level 9, -3/49 HPs)
             Began as a Tengu Air Elementalist on Jan 12, 2023.
             Was a Follower of Ashenzari.
             Slain by Prince Ribbit (9 damage)
             ... on level 6 of the Dungeon.
             The game lasted 00:30:56 (6658 turns).

testman the Zephyrmancer (Tengu Air Elementalist)   Turns: 6658, Time: 00:30:56

Health: -3/49      AC:  5    Str:  9    XL:     9   Next: 13%
Magic:  10/19      EV: 15    Int: 19    God:    Ashenzari [*.....]
Gold:   199        SH:  0    Dex: 21    Spells: 7/20 levels left

rFire   . . .      SeeInvis .    i - +0 dagger (holy)
rCold   . . .      Faith    .    (no shield)
rNeg    + . .      Spirit   .    b - +2 robe "Prophetic Disgust" {rN+, Evo, Bglg} (curse)
rPois   .          Reflect  .    (helmet restricted)
rElec   .          Harm     .    w - +0 cloak of Ashenzari's Asceticism {Fort, Bglg} (curse)
rCorr   .          Rampage  .    (no gloves)
Will    .....                    (boots unavailable)
Stlth   ++                       (no amulet)
HPRegen 0.28/turn                v - +6 ring of dexterity
MPRegen 0.16/turn                (no ring)

@: flying quickly and evasively, hasted, invisible, very quick
A: beak, talons 3, nimble flight
a: Renounce Religion, Shatter the Chains


You were on level 6 of the Dungeon.
You worshipped Ashenzari.
Ashenzari was aware of your devotion.
You visited 2 branches of the dungeon, and saw 7 of its levels.

You collected 352 gold pieces.
You spent 153 gold pieces at shops.

Inventory:

Hand Weapons
 i - a +0 dagger of holy wrath (weapon)
Armour
 b - the cursed +2 robe "Prophetic Disgust" (worn) {rN+, Evo, Bglg}
   (You took it off Dowan on level 4 of the Dungeon)

   It has a curse which improves the following skills: Evocations: Evocations.
   Beguiling: Conjurations, Hexes and Translocations.
 w - the cursed +0 cloak of Ashenzari's Asceticism (worn) {Fort, Bglg}
   (You bought it in a shop on level 5 of the Dungeon)

   It has a curse which improves the following skills: Fortitude: Armour and
   Shields.
   Beguiling: Conjurations, Hexes and Translocations.
Jewellery
 v - a +6 ring of dexterity (left hand)
Wands
 c - a wand of paralysis (8)
 s - a wand of quicksilver (9)
Scrolls
 a - a scroll of vulnerability
 f - 4 scrolls of teleportation
 h - 2 scrolls of amnesia
 k - 3 scrolls of poison
 q - 3 scrolls of noise
 t - 4 scrolls of fog
Potions
 d - 2 potions of mutation
 e - 2 potions of flight
 g - 3 potions of curing
 l - 3 potions of brilliance
 m - 2 potions of lignification
 n - a potion of haste
 o - a potion of attraction
 p - 2 potions of might


   Skills:
 + Level 2.5 Fighting
 - Level 2.1 Dodging
 - Level 2.0 Stealth
 + Level 6.2 Spellcasting
 + Level 8.4(9.8) Conjurations
 + Level 0.0 Fire Magic
 + Level 9.4 Air Magic


You had 7 spell levels left.
You knew the following spells:

 Your Spells              Type           Power      Damage    Failure   Level
a - Shock                 Conj/Air       100%       1d9       1%          1
b - Static Discharge      Conj/Air       84%        2-6/arc   1%          2
c - Swiftness             Air            41%        N/A       1%          3
d - Airstrike             Air            20%        2d(3-19)  2%          4
e - Kindle Blastsparks    Fire/Tloc/Air  36%        2d13      9%          3

Your spell library contained the following spells:

 Spells                   Type           Power      Damage    Failure   Level
 Flame Wave               Conj/Fire      24%        2d8       14%         4
 Scorch                   Fire           10%        2d5       17%         2
 Inner Flame              Hex/Fire       6%         N/A       32%         3
 Cause Fear               Hex            3%         N/A       71%         4
 Olgreb's Toxic Radiance  Pois           5%         N/A       73%         4
 Alistair's Intoxication  Tmut/Pois      3%         N/A       97%         5
 Borgnjor's Vile Clutch   Necr/Erth      2%         N/A       97%         5
 Eringya's Noxious Bog    Tmut/Pois      2%         N/A       100%        6
 Summon Cactus Giant      Summ           2%         N/A       100%        6
 Storm Form               Tmut/Air       11%        N/A       100%        7
 Discord                  Hex            3%         N/A       100%        8


Dungeon Overview and Level Annotations

Branches:
Dungeon (6/15)             Temple (1/1) D:4

Altars:
Ashenzari
Cheibriados
Elyvilon
Fedhas
Hepliaklqana
Kikubaaqudgha
Makhleb
Nemelex Xobeh
Qazlal
Sif Muna
Trog
Uskayaw
Wu Jian
Zin

Shops:
D:1 !   D:2 (   D:3 =   D:5 [:((=

Annotations:
D:5 1 runed translucent door
D:6 Pikel, Prince Ribbit


Innate Abilities, Weirdness & Mutations

You have a beak for a mouth.
You have claws for feet.
Your magical nature lets you fly swiftly and evasively.


Message History

You kill the lemure!
That felt strangely unrewarding.
You are struck by an arc of lightning.
The lightning grounds out.
Prince Ribbit is struck by an arc of lightning!
Prince Ribbit is heavily wounded.
You are struck by an arc of lightning.
The lightning grounds out.
Prince Ribbit hits you.
Casting: Static Discharge (safe; 1% risk of failure)
Confirm with . or Enter, or press ? or * to list all spells.
Pikel is struck by an arc of lightning!
Pikel is severely wounded.
You are struck by an arc of lightning.
Pikel is struck by an arc of lightning.
Pikel is almost dead.
You are struck by an arc of lightning.
The lightning grounds out.
Prince Ribbit is struck by an arc of lightning.
Prince Ribbit is severely wounded.
You are struck by an arc of lightning.
* * * LOW HITPOINT WARNING * * *
Prince Ribbit is struck by an arc of lightning.
Prince Ribbit is severely wounded.
The lightning grounds out.
Prince Ribbit blinks!
Pikel hits you with a +1 whip of freezing.
* * * LOW HITPOINT WARNING * * *
Pikel freezes you.
* * * LOW HITPOINT WARNING * * *
Aiming: Shock (safe; 1% risk of failure)
Press: ? - help, Q - select action, (/) - cycle Shift-Dir - straight line, f/p - Pikel
Aim: Pikel, wielding a +1 whip of freezing and wearing a +0 robe (almost dead, 67% to hit)
The zap hits Pikel.
Pikel is almost dead.
The zap hits the hound.
The hound is heavily wounded.
The zap misses the lemure. x2; The zap hits the lemure.
The lemure is heavily wounded.
Prince Ribbit blinks!
Pikel barely misses you.
You feel yourself speed up. Pikel misses you.
Okay, then.
You fade into invisibility!
Prince Ribbit hits you!
You die...

##.###.###.#.#.#
#.# ##.##
##.##.#.#.# #.#
#.## ##.#(#....
..# ##.## ##.##
##.###.##
##.#.## ##.##
##.########F#
..55.5h.K.@.#
##.##########


You could see Prince Ribbit (unable to see you), Pikel (unable to see you), 2
lemures and a hound.

Vanquished Creatures
  The ghost of Imper the Covert, a novice KoBr of Yredelemnul (D:5)
  Duvessa (D:4)
  An ice beast (D:5)
  An orc warrior (D:5)
  An ogre (D:5)
  A lemure (D:6)
  A centaur (D:6)
  3 phantoms
  2 necrophages
  A scorpion (D:5)
  Dowan (D:4)
  The ghost of baller8008 the Chopper, a weakling HOMo of Beogh (D:3)
  2 quasits (D:3)
  3 orc priests
  Natasha (D:3)
  An iguana (D:5)
  2 orc wizards
  10 gnolls
  10 adders
  A shadow imp (D:5)
  A white imp (D:5)
  An ufetubus (D:4)
  3 worms
  A dart slug (D:3)
  18 orcs
  8 bats
  7 endoplasms
  2 giant cockroaches
  11 goblins
  9 hobgoblins
  4 kobolds
  5 quokkas
  9 ball pythons
  3 frilled lizards
  5 rats
132 creatures vanquished.

Vanquished Creatures (others)
  A human (D:6)
  15 plants (D:2)
16 creatures vanquished.

Grand Total: 148 creatures vanquished

Notes
Turn   | Place    | Note
-------+----------+-------------------------------------------
     0 | D:1      | testman the Tengu Air Elementalist began the quest for the
                  | Orb.
     0 | D:1      | Reached XP level 1. HP: 10/10 MP: 4/4
    18 | D:1      | Found Wuzog's Distillery.
    72 | D:1      | Bought a potion of degeneration for 13 gold pieces
   141 | D:1      | Reached XP level 2. HP: 15/15 MP: 3/6
   188 | D:1      | Learned a level 2 spell: Static Discharge
   625 | D:1      | Reached XP level 3. HP: 19/19 MP: 7/7
   826 | D:2      | Learned a level 3 spell: Swiftness
  1044 | D:2      | Reached XP level 4. HP: 22/24 MP: 3/9
  1159 | D:2      | Found Imumnyet's Antique Weapon Boutique.
  1616 | D:2      | Reached skill level 5 in Air Magic
  1805 | D:1      | Bought a potion of curing for 39 gold pieces
  1805 | D:1      | Bought a potion of brilliance for 52 gold pieces
  2048 | D:3      | Found a transporter.
  2194 | D:3      | Found a transporter.
  2243 | D:3      | Found Kisun's One-of-a-Kind Rings.
  2372 | D:3      | Noticed baller8008's ghost (weakling HOMo)
  2438 | D:3      | Gained mutation: Your magical nature lets you fly swiftly
                  | and evasively. [Tengu growth]
  2438 | D:3      | Reached XP level 5. HP: 26/28 MP: 4/10
  2825 | D:3      | You are sucked into a shaft and drop 2 floors!
  2825 | D:5      | Entered Level 5 of the Dungeon
  2918 | D:4      | Found a staircase to the Ecumenical Temple.
  2929 | Temple   | Entered the Ecumenical Temple
  3150 | Temple   | Became a worshipper of Ashenzari the Shackled
  3380 | D:3      | Noticed Natasha
  3383 | D:3      | Killed Natasha
  3384 | D:3      | Reached XP level 6. HP: 30/32 MP: 10/12
  3471 | D:3      | Reached skill level 6 in Air Magic
  3486 | D:3      | Killed baller8008's ghost
  3629 | D:4      | Reached skill level 5 in Conjurations
  3687 | D:4      | Learned a level 4 spell: Airstrike
  3715 | D:4      | Noticed Duvessa
  3717 | D:4      | Noticed Dowan
  3782 | D:4      | Killed Duvessa
  3783 | D:4      | Reached XP level 7. HP: 20/36 MP: 1/14
  3790 | D:4      | Killed Dowan
  3895 | D:4      | Reached skill level 7 in Air Magic
  3962 | D:4      | Found a stormy altar of Qazlal.
  4756 | D:5      | Found Guucoxt's Weapon Shoppe.
  4851 | D:5      | Found a burning altar of Makhleb.
  4960 | D:5      | Found Zareos's Book Boutique.
  4965 | D:5      | Reached skill level 5 in Spellcasting
  4965 | D:5      | Reached XP level 8. HP: 41/41 MP: 9/16
  5072 | D:5      | Reached skill level 8 in Air Magic
  5287 | D:5      | Found Nabad's Jewellery Shoppe.
  5443 | D:5      | Found Mebalouw's Weapon Shoppe.
  5547 | D:5      | Found Nosusch's Armour Shoppe.
  5555 | D:5      | Bought a +0 cloak for 49 gold pieces
  5643 | D:5      | Reached * piety under Ashenzari
  5785 | D:5      | Noticed Imper's ghost (novice KoBr)
  5787 | D:5      | Found a runed translucent door.
  5837 | D:5      | Found a runed translucent door.
  5849 | D:5      | Killed Imper's ghost
  5850 | D:5      | Reached skill level 1 in Fighting
  5850 | D:5      | Reached skill level 9 in Air Magic
  6159 | D:6      | Reached XP level 9. HP: 43/48 MP: 16/19
  6330 | D:6      | Found an ancient bone altar of Kikubaaqudgha.
  6538 | D:6      | Identified the Parchment of Lofty Poisoning
  6551 | D:6      | Learned a level 3 spell: Kindle Blastsparks
  6638 | D:6      | Noticed Prince Ribbit
  6642 | D:6      | Noticed Pikel
  6658 | D:6      | Slain by Prince Ribbit

Illustrated notes

Levels and vault maps discovered:
D:1:      ncdulo_wetmaze, layout_rooms, serial_shops, shop_statue
D:2:      layout_basic, serial_shops, nicolae_shop_trees, nicolae_grassy_gnolls
D:3:      layout_basic, gammafunk_ghost_stat_death, nicolae_shop_unique_rings,
          uniq_natasha
D:4:      layout_cave_pools, grunt_qazlal_sundering,
          minmay_temple_entry_gardened_gates, minivault_5,
          amcnicky_mini_pool_small, nrook_loot_triangle, hex_medium,
          uniq_duvessa
D:5:      layout_loops_ring, bloody_makhleb, ebering_ghost_sewer_f,
          serial_shops, nicolae_shop_statue_plus, nicolae_shop_trees,
          kennysheep_mini, nicolae_shop_stone, shop
D:6:      layout_loops_corners, tgw_kikubaaqudgha, kennysheep_mini_moat,
          uniq_pikel, uniq_prince_ribbit1
Temple:   bh_familiar_temple

Skill      XL: |  1  2  3  4  5  6  7  8 |
---------------+-------------------------+-----
Conjurations   | 2 3 4 5 6 8 |  8.4
Air Magic      | 5 6 7 9 |  9.4
Spellcasting   | 3 4 5 6 |  6.2
Fighting       | 2 |  2.5
Dodging        | |  2.1
Stealth        | |  2.0

Action                   |  1- 3 |  4- 6 |  7- 9 || total
-------------------------+-------+-------+-------++-------
Melee: Unarmed           |     4 |       |       ||     4
       Dagger            |    32 |    68 |    20 ||   120
       Kick              |     7 |    19 |     3 ||    29
       Peck              |     3 |    12 |     2 ||    17
 Cast: Shock             |    41 |    74 |    83 ||   198
       Static Discharge  |     1 |     6 |     9 ||    16
       Airstrike         |       |     1 |    15 ||    16
Invok: Curse Item        |       |       |     2 ||     2
Evoke: Wand              |       |       |     1 ||     1
  Use: Potion            |       |       |     3 ||     3
       Scroll            |       |       |     7 ||     7
 Stab: Sleeping          |     2 |     3 |     2 ||     7
Armor: Robe              |     6 |     8 |     4 ||    18
Dodge: Dodged            |    28 |    62 |    28 ||   118

Table legend: (Time is in decaauts)
 A = Elapsed time spent in this place.
 B = Non-inter-level travel time spent in this place.
 C = Inter-level travel time spent in this place.
 D = Time resting spent in this place.
 E = Time spent auto-exploring this place.
 F = Levels seen in this place.
 G = Mean time per level.
                   A        B        C        D        E       F      G
               +--------+--------+--------+--------+--------+-----+--------+
         Total |   6409 |   5883 |    526 |    110 |   4920 |   7 |  915.6 |
       Dungeon |   6182 |   5722 |    460 |    110 |   4765 |   6 | 1030.3 |
        Temple |    226 |    161 |     65 |      0 |    155 |   1 |  226.0 |
               +--------+--------+--------+--------+--------+-----+--------+

Top non-repeatable levels by time:
     D:5: 1373 daAuts
     D:3: 1272 daAuts
     D:4: 1097 daAuts
     D:2: 1032 daAuts
     D:1: 893 daAuts
     D:6: 512 daAuts
  Temple: 226 daAuts
